[Event "Titled Tuesday Blitz May 10 Early 2022"]
[White "Mica, Marek"]
[Black "Sadykov, Ramil"]
[WhiteFideId "382884"]
[BlackFideId "24113590"]
[WhiteElo "2100"]
[BlackElo "2280"]
[Result "0-1"]
[Round "04"]
[TimeControl "180+1"]
[Date "2022.05.11"]
[WhiteClock "0:00:09"]
[BlackClock "0:00:20"]

1. Nf3 Nf6 2. g3 d5 3. Bg2 Bg4 4. O-O Bxf3 5. Bxf3 e5 6. d3 Be7 7. Nd2 O-O 8. c4 c6 9. Rb1 a5 10. a3 Re8 11. Bg2 Na6 12. e4 Nc5 13. Qe2 dxc4 14. Nxc4 Qxd3 15. Qxd3 Nxd3 16. Rd1 Red8 17. Be3 Nc5 18. Nxe5 Ncxe4 19. Bb6 Rd5 20. Nc4 a4 21. Ne3 Rxd1+ 22. Rxd1 Bc5 23. Bxc5 Nxc5 24. Nc4 g6 25. Rc1 Nb3 26. Rd1 Kf8 27. Nb6 Ra6 28. Nd7+ Nxd7 29. Rxd7 Rb6 30. Bf3 Nc5 31. Rd2 h5 32. Kg2 Ke7 33. h3 Ne6 34. Be4 Rb5 35. Bf3 Rc5 36. Bd1 b5 37. Bf3 Rc4 38. h4 Nd4 39. Bd1 Kf6 40. Rd3 c5 41. Rd2 Rc1 42. Bf3 Rg1+ 43. Kh3 Nxf3 44. Rd6+ Ke5 45. Rb6 Nd4 46. Rb7 f5 47. Re7+ Kf6 48. Rc7 Rc1 49. f4 Rc2 50. Rb7 Nf3 51. Rb6+ Kf7 52. g4 fxg4+ 53. Kg3 Nd4 54. f5 Nxf5+ 55. Kf4 g3 56. Kg5 g2 57. Rb7+ Ke6 58. Rb6+ Nd6 59. Kh6 g1=Q 60. b4 cxb4 61. Rb8 Qe3+ 62. Kh7 bxa3 63. Ra8 a2 64. Rg8 a1=Q 65. Rxg6+ Kd5 0-1


[Site "https://www.chess.com"]

[Event "Titled Tuesday Blitz May 10 Early 2022"]
[White "Migot, Tangi"]
[Black "Friedel, Tom"]
[WhiteFideId "662445"]
[BlackFideId "2002108"]
[WhiteElo "2511"]
[BlackElo "2324"]
[Result "1-0"]
[Round "04"]
[TimeControl "180+1"]
[Date "2022.05.11"]
[WhiteClock "0:00:17"]
[BlackClock "0:00:02"]

1. Nf3 d5 2. g3 Nf6 3. Bg2 e6 4. O-O Be7 5. b3 O-O 6. Bb2 Nbd7 7. c4 b6 8. e3 Bb7 9. d4 c5 10. cxd5 Nxd5 11. Nbd2 Rc8 12. a3 cxd4 13. Nxd4 Bf6 14. Ne4 Be7 15. Nb5 N7f6 16. Nxf6+ Bxf6 17. Bxf6 Qxf6 18. Nxa7 Nc3 19. Qh5 Bxg2 20. Kxg2 Rc7 21. Nb5 Rc5 22. Qg4 Rxb5 23. b4 Rd8 24. Rac1 Rbd5 25. Qc4 Nb5 26. a4 Nd6 27. Qc7 Rd2 28. Rcd1 Ne4 29. Rxd2 Rxd2 30. Qc8+ Rd8 31. Qc6 Nd2 32. Rd1 h6 33. a5 bxa5 34. bxa5 Qb2 35. a6 Qb8 36. Qc3 Qa8+ 37. Kh3 Ne4 38. Rxd8+ Qxd8 39. Qc6 Ng5+ 40. Kg2 Qb8 41. Qb7 1-0


[Site "https://www.chess.com"]

[Event "Titled Tuesday Blitz May 10 Early 2022"]
[White "Mitrabha, Guha"]
[Black "Sadhwani, Raunak"]
[WhiteFideId "5057000"]
[BlackFideId "35093487"]
[WhiteElo "2468"]
[BlackElo "2616"]
[Result "1-0"]
[Round "04"]
[TimeControl "180+1"]
[Date "2022.05.10"]
[WhiteClock "0:00:05"]
[BlackClock "0:00:01"]

1. d4 Nf6 2. c4 g6 3. g3 Bg7 4. Bg2 O-O 5. Nc3 d6 6. Nf3 Nbd7 7. O-O e5 8. Qc2 Re8 9. Rd1 e4 10. Ng5 e3 11. Bxe3 Rxe3 12. fxe3 Ng4 13. Nxf7 Kxf7 14. Bd5+ Kf8 15. Qd3 Qe7 16. Rf1+ Ndf6 17. Rf3 c6 18. Be4 Kg8 19. h3 Nh6 20. g4 Nf7 21. Rf2 Bd7 22. Bg2 Re8 23. e4 Rf8 24. Raf1 Nd8 25. Kh1 Ne8 26. e3 Rxf2 27. Rxf2 Nc7 28. b4 a6 29. c5 Nf7 30. a3 Qh4 31. Qf1 Be8 32. cxd6 Nxd6 33. e5 Nf7 34. Ne4 Nd5 35. Re2 Bd7 36. Qf3 Ng5 37. Nxg5 Qxg5 38. Qf2 Be6 39. Re1 Bh6 40. e4 Nf4 41. d5 cxd5 42. exd5 Nxd5 43. Qc5 Nf4 44. Qd6 Bf8 45. Qb6 Qh4 46. Rf1 Bh6 47. Rxf4 Bxf4 48. Qxe6+ Kg7 49. Qd7+ Kh6 50. Qd3 Qe1+ 51. Qf1 Qxe5 52. Bxb7 Qe3 53. Qf3 Qc1+ 54. Kg2 Kg5 55. Bxa6 Qc2+ 56. Be2 Qd2 57. b5 Bb8 58. a4 Qd6 59. Kf1 Kh4 60. a5 1-0


[Site "https://www.chess.com"]

[Event "Titled Tuesday Blitz May 10 Early 2022"]
[White "Molina, Roberto Junio Brito"]
[Black "Rodchenkov, Sergey D."]
[WhiteFideId "2109450"]
[BlackFideId "4168712"]
[WhiteElo "2432"]
[BlackElo "2306"]
[Result "1-0"]
[Round "04"]
[TimeControl "180+1"]
[Date "2022.05.11"]
[WhiteClock "0:01:12"]
[BlackClock "0:02:07"]

1. d4 d5 2. e3 Nf6 3. Nf3 e6 4. Bd3 c5 5. b3 b6 6. O-O Nbd7 7. Bb2 Bd6 8. Nbd2 Qc7 9. Qe2 Bb7 10. e4 dxe4 11. Nxe4 Nxe4 12. Bxe4 Bxe4 13. Qxe4 O-O 14. d5 exd5 15. Qxd5 Rad8 16. Rad1 Nf6 17. Qc4 Be7 18. Ne5 Bd6 19. Nf3 Be7 20. Rfe1 Rfe8 21. h3 Rxd1 22. Rxd1 Bd8 23. Ne5 h6 24. Rd7 Qxd7 25. Nxd7 Re1+ 26. Kh2 Nxd7 27. g3 Nf8 28. Qc3 Bf6 29. Qxe1 Bxb2 30. Qe7 a5 31. Qb7 Bd4 32. Kg2 c4 33. Qd5 Bc5 34. Qxc4 Ne6 35. c3 Kf8 36. b4 axb4 37. cxb4 Bd4 38. a4 Ke7 39. f4 f5 40. Qd5 Bc3 41. a5 bxa5 42. bxa5 g6 43. a6 Bd4 44. a7 Bxa7 45. Qb7+ Kf6 46. Qxa7 h5 47. Qa1+ Kf7 48. Qe5 Ng7 49. Kf3 Ne6 50. Ke3 Nd8 51. Kd3 Ne6 52. Kc4 Nf8 53. Kd5 Kg8 54. Kd6 Kf7 55. Qe7+ Kg8 56. Ke5 Nh7 57. Ke6 g5 58. fxg5 h4 59. gxh4 f4 60. Qf7+ Kh8 61. Qxf4 Kg7 62. Qf7+ Kh8 63. Qe8+ Kg7 64. Kf5 Nf8 65. Qxf8+ Kxf8 66. Kg6 Kg8 67. Kh6 Kh8 68. h5 Kg8 69. Kg6 Kh8 70. Kf7 Kh7 71. g6+ Kh6 72. g7 Kg5 73. g8=Q+ Kf4 74. Qg4+ Ke5 75. Qg5+ Kd6 76. h4 Kc7 77. Qe7+ Kb6 78. Qd7 Ka5 79. Qb7 Ka4 80. Qb2 Ka5 81. Qb3 Ka6 82. Qb8 Ka5 83. Qb7 Ka4 84. Qb6 Ka3 85. Qb5 Ka2 86. Qb4 Ka1 87. Kg7 Ka2 88. h6 Ka1 89. h7 Ka2 90. h8=N Ka1 91. Nf7 Ka2 92. Nd6 Ka1 93. Nf5 Ka2 94. h5 Ka1 95. Kg6 Ka2 96. Kf6 Ka1 97. Kg5 Ka2 98. Kg4 Ka1 99. Kf4 Ka2 100. Kf3 Ka1 101. Kg3 Ka2 102. Kg2 Ka1 103. Kg1 Ka2 104. Kf2 Ka1 105. Kf1 Ka2 106. Ke2 Ka1 107. Ke1 Ka2 108. Kd2 Ka1 109. Kd3 Ka2 110. Ke3 Ka1 111. Ke4 Ka2 112. Kd4 Ka1 113. Ke5 Ka2 114. Ke6 Ka1 115. Ng7 Ka2 116. Kd6 Ka1 117. Kd5 Ka2 118. Kc5 Ka1 119. Kc4 Ka2 120. Kd4 Ka1 121. Ke3 Ka2 122. Kf2 Ka1 123. Kg3 Ka2 124. Kg2 Ka1 125. Kh3 Ka2 126. Kh4 Ka1 127. Kg4 Ka2 128. Kg5 Ka1 129. h6 Ka2 130. Kg6 Ka1 131. Kf6 Ka2 132. Kf7 Ka1 133. Ke7 Ka2 134. Ke6 Ka1 135. Kd7 Ka2 136. Kd6 Ka1 137. Kc7 Ka2 138. Kc6 Ka1 139. Kc5 Ka2 140. Kd5 Ka1 141. Kd4 Ka2 142. Ke5 Ka1 143. Ke4 Ka2 144. Kf5 Ka1 145. Kf4 Ka2 146. Kg5 Ka1 147. Kg4 Ka2 148. Kh5 Ka1 149. Kh4 Ka2 150. Kh3 Ka1 151. Kh2 Ka2 152. Kg3 Ka1 153. Kg2 Ka2 154. Kf3 Ka1 155. Kf2 Ka2 156. h7 Ka1 157. Ke3 Ka2 158. Ke2 Ka1 159. Kd3 Ka2 160. Kd2 Ka1 161. Kd1 Ka2 162. Ke1 Ka1 163. Kf1 Ka2 164. Kg1 Ka1 165. Kh1 Ka2 166. Kh2 Ka1 167. Kh3 Ka2 168. Kh4 Ka1 169. Kh5 Ka2 170. Kh6 Ka1 171. h8=N Ka2 172. Nf7 Ka1 173. Kg5 Ka2 174. Kf4 Ka1 175. Kf5 Ka2 176. Ke4 Ka1 177. Ke3 Ka2 178. Kd4 Ka1 179. Kd3 Ka2 180. Kc4 Ka1 181. Kc3 Ka2 182. Qb5 Ka1 183. Kc2 Ka2 184. Kd2 Ka1 185. Kd1 Ka2 186. Ke2 Ka1 187. Nd6 Ka2 188. Kd1 Ka1 189. Kc2 Ka2 190. Ne4 Ka1 191. Nf5 Ka2 192. Nc3+ Ka3 193. Na2 Kxa2 194. Ne3 Ka3 195. Nd5 Ka2 196. Nc7 Ka1 197. Ne6 Ka2 198. Nc5 Ka3 199. Kc3 Ka2 200. Qb2# 1-0


[Site "https://www.chess.com"]

[Event "Titled Tuesday Blitz May 10 Early 2022"]
[White "Mortazavi, Ali"]
[Black "Melikyan, Gnel"]
[WhiteFideId "401323"]
[BlackFideId "54109990"]
[WhiteElo "2339"]
[BlackElo "1772"]
[Result "0-1"]
[Round "04"]
[TimeControl "180+1"]
[Date "2022.05.11"]
[WhiteClock "0:00:07"]
[BlackClock "0:00:09"]

1. Nf3 Nf6 2. g3 b6 3. Bg2 Bb7 4. O-O g6 5. d3 Bg7 6. e4 O-O 7. a4 a5 8. Nc3 d6 9. e5 dxe5 10. Nxe5 Bxg2 11. Kxg2 Nd5 12. Qf3 Bxe5 13. Nxd5 c6 14. Ne3 Bg7 15. Re1 Qd7 16. Nc4 Qb7 17. Bf4 Na6 18. Re2 Nb4 19. Rae1 e6 20. Be5 Rfd8 21. h4 h5 22. Bxg7 Kxg7 23. Ne5 Rac8 24. g4 hxg4 25. Nxg4 Qe7 26. Qg3 Rd5 27. c3 Nxd3 28. Rd1 Rcd8 29. Rxd3 Rxd3 30. Qe5+ Kg8 31. Nf6+ Kf8 32. Nh7+ Ke8 33. Nf6+ Kf8 34. Re4 Qc5 35. Nh7+ Kg8 36. Nf6+ Kh8 37. Qf4 Kg7 38. h5 Qf5 39. h6+ Kxf6 40. Qh4+ g5 41. Rf4 Qxf4 42. Qh5 Qf3+ 43. Qxf3+ Rxf3 44. h7 Rh8 0-1


[Site "https://www.chess.com"]

[Event "Titled Tuesday Blitz May 10 Early 2022"]
[White "Moskvin, Anatoly"]
[Black "Silva, Winston Joseph R"]
[WhiteFideId "24199990"]
[BlackFideId "5210542"]
[WhiteElo "2079"]
[BlackElo "1995"]
[Result "1-0"]
[Round "04"]
[TimeControl "180+1"]
[Date "2022.05.11"]
[WhiteClock "0:00:19"]
[BlackClock "0:00:25"]

1. f4 Nf6 2. Nf3 d5 3. b3 c5 4. Bb2 Nc6 5. e3 a6 6. Be2 g6 7. O-O Bg7 8. Qe1 O-O 9. Qh4 Nd7 10. Bxg7 Kxg7 11. c4 d4 12. exd4 cxd4 13. f5 e5 14. Qxd8 Nxd8 15. fxg6 hxg6 16. d3 f5 17. Nbd2 Nc6 18. a3 Nf6 19. Ng5 a5 20. Rae1 Bd7 21. Bf3 Rae8 22. Bxc6 Bxc6 23. Ndf3 Nd7 24. b4 axb4 25. axb4 Kf6 26. Nh7+ Kg7 27. Nxf8 Kxf8 28. Nxd4 exd4 29. Rxe8+ Kxe8 30. b5 Be4 31. dxe4 fxe4 32. Rd1 d3 33. Kf2 Ne5 34. Ke3 Ng4+ 35. Kd4 Ke7 36. h3 e3 37. Rxd3 e2 38. hxg4 e1=N 39. Re3+ 1-0


[Site "https://www.chess.com"]

[Event "Titled Tuesday Blitz May 10 Early 2022"]
[White "Msellek, Ilyass"]
[Black "Trimitzios, Petros"]
[WhiteFideId "675938"]
[BlackFideId "25808796"]
[WhiteElo "2557"]
[BlackElo "2790"]
[Result "1/2-1/2"]
[Round "04"]
[TimeControl "180+1"]
[Date "2022.05.11"]
[WhiteClock "0:00:06"]
[BlackClock "0:00:40"]

1. d4 c6 2. e4 d5 3. Ne2 dxe4 4. Nbc3 Bf5 5. Ng3 Bg6 6. h4 h6 7. h5 Bh7 8. Ncxe4 Nd7 9. c3 Ngf6 10. Bd3 Nxe4 11. Nxe4 e6 12. Qe2 Be7 13. Bf4 Qa5 14. Nd6+ Bxd6 15. Bxd6 Bxd3 16. Qxd3 Qd5 17. Qg3 O-O-O 18. O-O-O Qxa2 19. Qxg7 Qa1+ 20. Kc2 Qa4+ 21. Kb1 f5 22. Bg3 Qc4 23. Rhe1 Qd5 24. Rd2 Qxg2 25. Qe7 Qd5 26. Qxe6 Qxe6 27. Rxe6 Rdf8 28. Bf4 Nf6 29. Be5 Ne4 30. Re2 Re8 31. Rxe8+ Rxe8 32. f3 Ng5 33. f4 Ne4 34. Rg2 Re6 35. Rg6 Kd7 36. Rg7+ Re7 37. Rg8 b6 38. Kc2 Re8 39. Rg7+ Re7 40. Rg8 a5 41. Rh8 Re6 42. Rh7+ Kc8 43. Rc7+ Kd8 44. Rb7 b5 45. Rg7 a4 46. b3 axb3+ 47. Kxb3 Ke8 48. Kb4 Kf8 49. Rh7 Kg8 50. Rh8+ Kf7 51. Ka5 Nxc3 52. Rh7+ Kf8 53. Rh8+ Kf7 54. Rh7+ Ke8 55. Rh8+ Kd7 56. Rh7+ Ke8 57. Rh8+ Kf7 1/2-1/2


[Site "https://www.chess.com"]

[Event "Titled Tuesday Blitz May 10 Early 2022"]
[White "Munoz, Francisco Javier"]
[Black "Leiva, Gianmarco"]
[WhiteFideId "128368"]
[BlackFideId "3804399"]
[WhiteElo "2383"]
[BlackElo "2323"]
[Result "1-0"]
[Round "04"]
[TimeControl "180+1"]
[Date "2022.05.11"]
[WhiteClock "0:00:15"]
[BlackClock "0:00:06"]

1. e4 c5 2. Nc3 d6 3. b3 g6 4. Bb2 Bg7 5. Qf3 Nc6 6. Bb5 Bd7 7. Bxc6 Bxc6 8. Nge2 Nf6 9. d4 cxd4 10. Nxd4 O-O 11. O-O-O Bd7 12. Qe3 a6 13. h4 Rc8 14. Kb1 e5 15. Nde2 Qe7 16. f3 Bc6 17. g4 Rfd8 18. h5 d5 19. exd5 Nxd5 20. Nxd5 Rxd5 21. Rxd5 Bxd5 22. Nc3 Bc6 23. h6 Bf6 24. Ne4 Bxe4 25. Qxe4 Qc5 26. Rd1 Qc6 27. Rd5 Bg5 28. c4 Bxh6 29. Qxe5 f6 30. Qd4 Bg7 31. a4 Re8 32. Ka2 Qe6 33. Rd7 Re7 34. Rd8+ Kf7 35. Rd6 Qc8 36. g5 Re6 37. Rd7+ Kg8 38. Qd5 Qc6 39. gxf6 Qxd5 40. cxd5 Re2 41. Rxg7+ Kf8 42. Rxb7 Rf2 43. d6 Rd2 44. Rxh7 Rxd6 45. Ba3 Kg8 46. Rg7+ Kh8 47. Bxd6 a5 48. Be5 g5 49. f7 g4 50. f8=Q# 1-0


[Site "https://www.chess.com"]

[Event "Titled Tuesday Blitz May 10 Early 2022"]
[White "Nagy, Gabor"]
[Black "Song, Michael"]
[WhiteFideId "737119"]
[BlackFideId "2613190"]
[WhiteElo "2740"]
[BlackElo "2545"]
[Result "1-0"]
[Round "04"]
[TimeControl "180+1"]
[Date "2022.05.11"]
[WhiteClock "0:02:04"]
[BlackClock "0:01:56"]

1. d4 f5 2. c4 Nf6 3. Nc3 g6 4. h4 d6 5. Bg5 Bg7 6. e3 O-O 7. Be2 h6 8. Bxf6 Bxf6 9. Nd5 Bg7 10. Nf4 Qe8 11. h5 g5 12. Ng6 Rf7 13. Nf3 c6 14. Qc2 e5 15. dxe5 dxe5 16. O-O-O e4 17. Nd4 Na6 18. c5 Kh7 19. Bc4 Rf6 20. Bb3 Bf8 21. Kb1 Nxc5 22. f4 g4 23. Qc3 Nxb3 24. Nxf8+ Qxf8 25. Nxb3 Be6 26. Nc5 Bd5 27. Nd7 1-0


[Site "https://www.chess.com"]

[Event "Titled Tuesday Blitz May 10 Early 2022"]
[White "Nayak, Rajesh"]
[Black "Bach, Ngoc Thuy Duong"]
[WhiteFideId "35017152"]
[BlackFideId "12408956"]
[WhiteElo "1998"]
[BlackElo "1862"]
[Result "0-1"]
[Round "04"]
[TimeControl "180+1"]
[Date "2022.05.11"]
[WhiteClock "0:00:04"]
[BlackClock "0:00:38"]

1. e4 c5 2. Nf3 e6 3. d4 cxd4 4. Nxd4 a6 5. Nc3 Qc7 6. Bd3 Nf6 7. O-O d6 8. Be3 Be7 9. f4 Nbd7 10. Kh1 b5 11. a3 Bb7 12. Qf3 O-O 13. Qh3 Rfe8 14. Rae1 Nf8 15. f5 e5 16. Nf3 d5 17. exd5 Nxd5 18. Nxd5 Bxd5 19. Nd2 Qc6 20. f6 Bxf6 21. b4 Ng6 22. Bc5 e4 23. Nxe4 Bxe4 24. Bxe4 Rxe4 0-1


[Site "https://www.chess.com"]

[Event "Titled Tuesday Blitz May 10 Early 2022"]
[White "Nguyen Hong Nhung"]
[Black "Marin Ramirez, Gerardo"]
[WhiteFideId "12412201"]
[BlackFideId "3901068"]
[WhiteElo "1758"]
[BlackElo "1920"]
[Result "1-0"]
[Round "04"]
[TimeControl "180+1"]
[Date "2022.05.11"]
[WhiteClock "0:01:11"]
[BlackClock "0:00:05"]

1. e4 c5 2. Nc3 a6 3. a4 Nc6 4. f4 g6 5. Nf3 Bg7 6. Bc4 d6 7. O-O e6 8. d3 Nge7 9. Qe1 O-O 10. f5 d5 11. Bb3 gxf5 12. Qh4 fxe4 13. dxe4 c4 14. Ba2 Ng6 15. Qh5 Nd4 16. exd5 exd5 17. Nxd5 Nxf3+ 18. Qxf3 Ne5 19. Qe4 Be6 20. Nf4 Bd7 21. Bxc4 Bc6 22. Bd5 1-0


[Site "https://www.chess.com"]

[Event "Titled Tuesday Blitz May 10 Early 2022"]
[White "Nugumanov, Bakhtiyar"]
[Black "Ljukin, Sergei"]
[WhiteFideId "13701797"]
[BlackFideId "14102200"]
[WhiteElo "2262"]
[BlackElo "2312"]
[Result "0-1"]
[Round "04"]
[TimeControl "180+1"]
[Date "2022.05.11"]
[WhiteClock "0:00:01"]
[BlackClock "0:00:03"]

1. Nf3 d5 2. g3 Nc6 3. Bg2 e5 4. d3 Bg4 5. O-O Qd7 6. c4 dxc4 7. Qa4 cxd3 8. exd3 Nf6 9. Re1 Bd6 10. d4 Bxf3 11. Bxf3 e4 12. Nc3 O-O 13. Nxe4 Nxe4 14. Bxe4 Rfe8 15. Bd2 Rab8 16. Bc3 b5 17. Qc2 b4 18. Bf5 Qd8 19. Bxh7+ Kh8 20. Bd2 Nxd4 21. Qd3 Qf6 22. Be4 c5 23. h4 g6 24. Bg5 Qg7 25. Bd5 Re5 26. Rxe5 Bxe5 27. Re1 Rd8 28. Qc4 f6 29. Qxc5 fxg5 30. hxg5 Bd6 31. Qc4 Be5 32. Re4 Qd7 33. Rh4+ Kg7 34. Be4 Qd6 35. Kg2 Rf8 0-1


[Site "https://www.chess.com"]

[Event "Titled Tuesday Blitz May 10 Early 2022"]
[White "Ohanyan, Emin"]
[Black "Ajay Krishna, S"]
[WhiteFideId "13312022"]
[BlackFideId "5096430"]
[WhiteElo "1927"]
[BlackElo "2247"]
[Result "0-1"]
[Round "04"]
[TimeControl "180+1"]
[Date "2022.05.11"]
[WhiteClock "0:00:49"]
[BlackClock "0:00:11"]

1. e4 c5 2. Nf3 d6 3. d4 cxd4 4. Nxd4 Nf6 5. Nc3 a6 6. Bc4 e6 7. Bb3 Nbd7 8. f4 Nc5 9. f5 e5 10. Nde2 Be7 11. Ng3 O-O 12. Nh5 Nxh5 13. Qxh5 Nxb3 14. axb3 b6 15. O-O Bb7 16. Be3 b5 17. Rad1 Rc8 18. Rf2 Rxc3 19. bxc3 Bxe4 20. Qg4 Bb7 21. Bh6 Bf6 22. Bxg7 h5 23. Bxf6+ hxg4 24. Bxd8 Rxd8 25. f6 Kh7 26. Rf5 Be4 27. Rxe5 Bxc2 28. Rd2 Bxb3 29. Rg5 Be6 30. Kf2 Rc8 31. Rxd6 Rxc3 32. Rxa6 b4 33. Rg7+ Kh6 34. Rg8 Rc5 35. Kg3 Rf5 36. Rxg4 Rxf6 37. Rh4+ Kg7 38. Rxb4 Rg6+ 39. Kf2 Rf6+ 40. Kg1 Rf5 41. h3 Rd5 42. Rf4 Rd1+ 43. Kh2 Rd2 44. Rxe6 fxe6 45. Kg3 Re2 46. Rf2 Re5 47. h4 Ra5 48. Kh3 e5 49. h5 Ra3+ 50. Kh4 e4 51. g4 e3 52. Rf5 Ra1 53. Kg5 e2 54. h6+ Kg8 55. Kg6 Ra6+ 56. Kh5 e1=Q 57. Rg5+ Kh8 58. Rb5 Qh1+ 59. Kg5 Qc1+ 60. Kh5 Qc6 61. Rb8+ Kh7 62. g5 Qg6+ 0-1


[Site "https://www.chess.com"]

[Event "Titled Tuesday Blitz May 10 Early 2022"]
[White "Omariev, Maksim"]
[Black "Riehle, Marco"]
[WhiteFideId "4193423"]
[BlackFideId "12904392"]
[WhiteElo "2526"]
[BlackElo "2462"]
[Result "0-1"]
[Round "04"]
[TimeControl "180+1"]
[Date "2022.05.11"]
[WhiteClock "0:01:12"]
[BlackClock "0:01:54"]

1. g4 d5 2. Bg2 c6 3. h3 h5 4. g5 e5 5. d4 e4 6. c4 f5 7. Nc3 dxc4 8. Bf4 Bd6 9. Qd2 Ne7 10. f3 Nd5 11. Be5 e3 12. Qc1 Bxe5 13. dxe5 Qxg5 14. Kf1 Nf4 15. Rh2 Qg3 16. Qxe3 Qxh2 0-1


[Site "https://www.chess.com"]

[Event "Titled Tuesday Blitz May 10 Early 2022"]
[White "Oparin, Grigoriy"]
[Black "Barp, Alberto"]
[WhiteFideId "24125890"]
[BlackFideId "872555"]
[WhiteElo "2665"]
[BlackElo "2229"]
[Result "1-0"]
[Round "04"]
[TimeControl "180+1"]
[Date "2022.05.10"]
[WhiteClock "0:00:11"]
[BlackClock "0:00:01"]

1. e4 e5 2. Nc3 Nf6 3. Nf3 Nc6 4. h3 d5 5. exd5 Nxd5 6. Bb5 Nxc3 7. bxc3 Bd6 8. O-O O-O 9. d4 exd4 10. cxd4 h6 11. Re1 Qf6 12. Rb1 Bf5 13. Bd3 b6 14. Rb5 Bxd3 15. Qxd3 Rfe8 16. Be3 Ne7 17. c4 Rad8 18. Qb1 c6 19. Rb3 Nf5 20. a4 c5 21. d5 Bc7 22. Qd3 Nxe3 23. fxe3 Qd6 24. e4 Qg3 25. Re2 Bf4 26. e5 Rxe5 27. Nxe5 Qh2+ 28. Kf1 Bxe5 29. Ke1 Qg1+ 30. Kd2 Bf4+ 31. Kc3 Qa1+ 32. Rbb2 Qxa4 33. Qc2 Qa3+ 34. Qb3 Qa5+ 35. Kc2 Qa1 36. Rb1 Qd4 37. Qd3 Qf6 38. Rf1 Qd6 39. Qf5 Bg5 40. Qxf7+ Kh8 41. Re8+ Rxe8 42. Qxe8+ Kh7 43. Qe4+ Kh8 44. Qe8+ Kh7 45. Rf8 Bf6 46. Qe4+ g6 47. Rf7+ Kg8 48. Qxg6+ 1-0


[Site "https://www.chess.com"]

[Event "Titled Tuesday Blitz May 10 Early 2022"]
[White "Ovezdurdyyeva, Jemal"]
[Black "Horak, Martin"]
[WhiteFideId "14001888"]
[BlackFideId "367095"]
[WhiteElo "1946"]
[BlackElo "1997"]
[Result "1/2-1/2"]
[Round "04"]
[TimeControl "180+1"]
[Date "2022.05.11"]
[WhiteClock "0:01:24"]
[BlackClock "0:00:40"]

1. e4 c5 2. Nf3 Nc6 3. d4 cxd4 4. Nxd4 g6 5. Bc4 Bg7 6. Be3 Nf6 7. Nc3 Ng4 8. Nxc6 Nxe3 9. fxe3 Bxc3+ 10. bxc3 bxc6 11. O-O O-O 12. Qd4 d6 13. Rf2 e5 14. Qd2 Qe7 15. Rd1 Be6 16. Bxe6 Qxe6 17. Qxd6 Rad8 18. Qxd8 Rxd8 19. Rxd8+ Kg7 20. a4 Qe7 21. Rd1 a5 22. Rdf1 Qc5 23. Rxf7+ Kh6 24. R1f3 Qxc3 25. Rh3+ Kg5 26. Rg3+ Kh6 27. Rh3+ Kg5 28. Rg3+ Kh6 29. Rh3+ 1/2-1/2


[Site "https://www.chess.com"]

[Event "Titled Tuesday Blitz May 10 Early 2022"]
[White "Padmini, Rout"]
[Black "Muradov, Soltan"]
[WhiteFideId "5029295"]
[BlackFideId "14002108"]
[WhiteElo "2181"]
[BlackElo "1854"]
[Result "1-0"]
[Round "04"]
[TimeControl "180+1"]
[Date "2022.05.11"]
[WhiteClock "0:00:07"]
[BlackClock "0:00:03"]

1. e4 e5 2. Nf3 Nf6 3. d4 Nxe4 4. Bd3 d5 5. dxe5 Bc5 6. O-O O-O 7. c4 c6 8. Nc3 Nxc3 9. bxc3 dxc4 10. Bxc4 Bg4 11. h3 Bh5 12. g4 Bg6 13. Qe2 Nd7 14. Rd1 Qc7 15. e6 Nb6 16. Ne5 Nxc4 17. Nxc4 fxe6 18. Be3 Be7 19. Bd4 Bh4 20. Ne5 Be8 21. c4 c5 22. Bc3 Rd8 23. Rxd8 Qxd8 24. Nf3 Bc6 25. Nxh4 Qxh4 26. Qe3 h6 27. f4 e5 28. Bxe5 Rd8 29. Re1 Re8 30. Re2 Re7 31. Qxc5 Qg3+ 32. Kf1 Qf3+ 33. Ke1 Qh1+ 34. Kd2 Rd7+ 35. Bd6 Qxh3 36. Re8+ Kh7 37. Qf5+ g6 38. Qe5 Qg2+ 39. Kc3 Qf3+ 40. Kb4 Rxd6 41. Rh8# 1-0


[Site "https://www.chess.com"]

[Event "Titled Tuesday Blitz May 10 Early 2022"]
[White "Paiva, Henrique M A Albergaria"]
[Black "Cagara, Paulina"]
[WhiteFideId "1920995"]
[BlackFideId "1124870"]
[WhiteElo "1975"]
[BlackElo "1800"]
[Result "1-0"]
[Round "04"]
[TimeControl "180+1"]
[Date "2022.05.11"]
[WhiteClock "0:01:28"]
[BlackClock "0:00:21"]

1. e4 c6 2. d4 d5 3. Nc3 a6 4. exd5 cxd5 5. Bd3 Nc6 6. Nf3 Bg4 7. Be3 e6 8. h3 Bh5 9. Qd2 Nf6 10. g4 Bg6 11. O-O-O Nb4 12. Bxg6 hxg6 13. Kb1 b5 14. g5 Nd7 15. Ne5 Nxe5 16. dxe5 Rc8 17. a3 Nc6 18. f4 Na5 19. Qf2 Nc4 20. h4 Nxa3+ 21. Kc1 Nxc2 22. Kxc2 b4 23. h5 gxh5 24. f5 bxc3 25. bxc3 Qa5 26. Bd4 Qa2+ 27. Kd3 Qxf2 28. Bxf2 Rc4 29. fxe6 fxe6 30. Ra1 Be7 31. Rxa6 Kf7 32. Be3 Rhc8 33. Bd2 R8c6 34. Ra7 Rc7 35. Rf1+ Kg6 36. Ra6 R4c6 37. Ra8 h4 38. Rh8 Rc4 39. Rg1 Re4 40. Rh6+ Kf7 41. Rf1+ Kg8 42. Rxe6 h3 43. Ra6 Rh4 44. g6 Rc8 45. Ra7 Bd8 46. Rff7 h2 47. Rxg7+ Kf8 48. Raf7+ Ke8 49. Rg8# 1-0


[Site "https://www.chess.com"]

[Event "Titled Tuesday Blitz May 10 Early 2022"]
[White "Panesar Vedant"]
[Black "Aslanov, Umid"]
[WhiteFideId "35033018"]
[BlackFideId "13412620"]
[WhiteElo "1975"]
[BlackElo "1796"]
[Result "0-1"]
[Round "04"]
[TimeControl "180+1"]
[Date "2022.05.11"]
[WhiteClock "0:00:17"]
[BlackClock "0:00:40"]

1. d4 Nf6 2. Nf3 c5 3. d5 e6 4. Nc3 exd5 5. Nxd5 Nxd5 6. Qxd5 d6 7. e4 Nc6 8. Bc4 Be6 9. Qd3 Qf6 10. O-O h6 11. c3 Be7 12. Be3 O-O 13. Bd5 Rab8 14. a4 Qg6 15. Kh1 Ne5 16. Nxe5 dxe5 17. Rfd1 Rfd8 18. Qc4 b6 19. Rd2 Bxd5 20. exd5 Bd6 21. Qa6 f5 22. f3 Rd7 23. a5 f4 24. Bg1 e4 25. fxe4 Qxe4 26. Qe2 Re8 27. Qxe4 Rxe4 28. axb6 axb6 29. Bf2 Rde7 30. Kg1 Re2 31. Rad1 R7e5 32. Kf1 Rxd2 33. Rxd2 b5 34. b3 Kf7 35. c4 bxc4 36. bxc4 Re4 37. Rc2 g5 38. Be1 g4 39. Kf2 g3+ 40. hxg3 fxg3+ 41. Kf1 h5 42. Ba5 h4 43. Be1 Kg6 44. Re2 Kf5 45. Rxe4 Kxe4 46. Ke2 Kd4 47. Kf3 Kxc4 48. Ke4 Kb5 49. Kf5 h3 50. gxh3 g2 51. Bf2 c4 52. Kg4 Bc5 53. Kf3 g1=Q 54. Bxg1 Bxg1 55. d6 Kc6 56. Ke4 Kxd6 57. h4 Kc5 58. h5 Bd4 59. h6 Bh8 60. h7 Kb4 0-1


[Site "https://www.chess.com"]

[Event "Titled Tuesday Blitz May 10 Early 2022"]
[White "Pasti, Aron"]
[Black "Perdomo, Carlos Andres"]
[WhiteFideId "785857"]
[BlackFideId "4400852"]
[WhiteElo "2133"]
[BlackElo "2268"]
[Result "0-1"]
[Round "04"]
[TimeControl "180+1"]
[Date "2022.05.11"]
[WhiteClock "0:00:04"]
[BlackClock "0:00:10"]

1. e4 c5 2. Nf3 e6 3. d4 cxd4 4. Nxd4 a6 5. Bd3 Nf6 6. O-O d6 7. c4 Nbd7 8. Nc3 b6 9. f4 Bb7 10. Qe2 Qc7 11. b3 b5 12. Bb2 bxc4 13. Bxc4 Nc5 14. e5 dxe5 15. fxe5 Nfd7 16. Rae1 Qb6 17. Qf2 O-O-O 18. Kh1 f5 19. Nxe6 Nxe6 20. Qxb6 Nxb6 21. Bxe6+ Kb8 22. Bxf5 g6 23. Be4 Rd2 24. Bc1 Rd7 25. Bxb7 Rxb7 26. Ne4 Bb4 27. Re2 Re8 28. Bb2 Nd5 29. Rc2 Ne3 30. Rcf2 Nxf1 31. Rxf1 Rc7 32. Nf6 Rf8 33. h3 Be7 34. Kh2 Kb7 35. Rf3 Rc2 36. Bd4 Rxa2 37. h4 h5 38. Rg3 Rd2 39. Bc3 Rc2 40. Nd5 Bxh4 41. Rxg6 Rff2 42. Rg7+ Kb8 43. Rg8+ Kb7 44. Rg7+ Kc6 45. Nb4+ Kc5 46. Nxc2 Rxc2 47. Ba1 Bf2 48. e6 Re2 49. e7 Bd4 50. Rf7 Bxa1 0-1


[Site "https://www.chess.com"]